 Dungeon Crawl Stone Soup version 0.19-a0-811-gf4045fb (webtiles) character file.

29 Amnesiac the Magician (level 3, -6/19 HPs)
             Began as a Deep Elf Wizard on June 28, 2016.
             Mangled by a water moccasin (8 damage)
             ... on level 6 of the Dungeon.
             The game lasted 00:02:50 (889 turns).

Amnesiac the Magician (Deep Elf Wizard)              Turns: 889, Time: 00:02:51

Health: -6/19      AC:  3    Str:  4    XL:     3   Next: 1%
Magic:  4/11       EV: 12    Int: 27    God:
Gold:   39         SH:  0    Dex: 14    Spells: 3 memorised, 7 levels left

rFire  . . .     SeeInvis .     i - +1 dagger
rCold  . . .     Gourm    .     o - +0 robe {rN+}
rNeg   + . .     Faith    .     (no shield)
rPois  .         Spirit   .     b - +0 hat
rElec  .         Dismiss  .     (no cloak)
rCorr  .         Reflect  .     (no gloves)
SustAt .         Harm     .     j - +0 pair of boots
MR     .....                    q - amulet of inaccuracy (curse)
Stlth  ++........               (no ring)
                                (no ring)

@: brilliant, lethally poisoned (-6 -> -18), drained, not resistant to hostile
enchantments, unstealthy
A: no striking features
a: no special abilities


You were on level 6 of the Dungeon.
You were not hungry.

You visited 1 branch of the dungeon, and saw 5 of its levels.

You collected 39 gold pieces.

Inventory:

Hand Weapons
 i - a +1 dagger (weapon)
Missiles
 n - 22 poisoned needles
Armour
 b - a +0 hat (worn)
 j - a +0 pair of boots (worn)
 o - a +0 robe of positive energy (worn)
Jewellery
 p - an uncursed ring of fire
 q - a cursed amulet of inaccuracy (around neck)
Potions
 k - a potion of flight
 l - a potion of berserk rage
Books
 c - a book of Minor Magic

   Spells                             Type                      Level
   a - Magic Dart                     Conjuration                  1
   b - Blink                          Translocation                2
   c - Call Imp                       Summoning                    2
   d - Repel Missiles                 Charms/Air                   2
   e - Slow                           Hexes                        2
   f - Conjure Flame                  Conjuration/Fire             3
   g - Mephitic Cloud                 Conjuration/Poison/Air       3
Comestibles
 a - 3 chunks of flesh
 d - 2 bread rations
 h - a beef jerky


   Skills:
 - Level 1.0(0.8) Short Blades
 - Level 2.4(2.2) Dodging
 - Level 3.1(3.0) Stealth
 + Level 5.2(5.0) Spellcasting
 - Level 1.1(0.9) Conjurations
   Level 1.1(0.9) Summonings
 - Level 1.1(0.9) Translocations


You had 7 spell levels left.
You knew the following spells:

 Your Spells              Type           Power        Failure   Level  Hunger
a - Repel Missiles        Chrm/Air       ###...       1%          2    None
b - Blink                 Tloc           N/A          1%          2    None
f - Magic Dart            Conj           ####         1%          1    None


Dungeon Overview and Level Annotations

Branches:
Dungeon (4/15)
 Temple: D:4-7

Altars:

Annotations:
D:2 Terence


Message History

The gnoll hits you from afar with a spear.
The gnoll barely misses you.
Found two stone staircases leading up.
The water moccasin bites you!
* * * LOW HITPOINT WARNING * * *
Okay, then.
It was a potion of heal wounds.
You feel much better. The water moccasin misses you.
The water moccasin bites you.
You are lethally poisoned!
The water moccasin poisons you!
You feel sick.
There is a stone staircase leading up here.
It was a potion of brilliance.
You feel clever all of a sudden.
You feel sick. The water moccasin bites you!
Ouch! That really hurt!
* * * LOW HITPOINT WARNING * * *
The water moccasin bites you!
You die...

#......#
#......#
#......#
#.g..g.#
#####.##
#g# #g#
#S# #@#
#<# #..
#..#
#..#
##.# .#
.#


You could see a water moccasin and 3 gnolls.

Vanquished Creatures
  A dart slug (D:2)
  A giant cockroach (D:1)
  3 goblins
  4 hobgoblins
  A jackal (D:4)
  4 kobolds
  2 ball pythons
  3 bats
  A giant newt (D:3)
  4 rats
24 creatures vanquished.

Notes
Turn   | Place    | Note
--------------------------------------------------------------
     0 | D:1      | Amnesiac the Deep Elf Wizard began the quest for the Orb.
     0 | D:1      | Reached XP level 1. HP: 10/10 MP: 7/7
   257 | D:2      | Reached XP level 2. HP: 15/15 MP: 6/9
   261 | D:2      | Learned a level 2 spell: Repel Missiles
   264 | D:2      | Learned a level 2 spell: Blink
   327 | D:2      | Reached skill level 1 in Short Blades
   688 | D:2      | Reached skill level 5 in Spellcasting
   705 | D:2      | Noticed Terence
   861 | D:4      | Reached XP level 3. HP: 19/19 MP: 7/11
   880 | D:4      | You fall through a shaft for 2 floors!
   880 | D:6      | Noticed a water moccasin
   889 | D:6      | Mangled by a water moccasin

Vault maps used:
D:1:      dpeg_arrival_three_same_balls
D:2:      minmay_close_crescents, uniq_terence
D:3:      ecumenical_altar_1, serial_park_tiny_2, minmay_unequal
D:4:      grunt_temple_overflow_opulence, first_bread, uniq_pikel, uniq_menkaure
D:6:      serial_shops, nicolae_shop_waterfront, kennysheep_generic_room_16,
          uniq_eustachio

Skill      XL: |  1  2 |
---------------+-------+-----
Short Blades   | 1 |  1.0
Stealth        | 3 |  3.1
Spellcasting   | 5 |  5.2
Dodging        | |  2.4
Conjurations   | |  1.1
Summonings     | |  1.1
Translocations | |  1.1

Action                   || total
-------------------------++-------
Melee: Dagger            ||    11
 Cast: Magic Dart        ||    50
       Repel Missiles    ||     1
       Blink             ||     3
  Use: Scroll            ||     6
       Potion            ||     2
 Stab: Sleeping          ||     3
Armor: Robe              ||     6
Dodge: Dodged            ||    25
       Deflected         ||     1
